 Dungeon Crawl Stone Soup version 0.25-a0-404-gc1b5a34292 (webtiles) character file.

Game seed: 14942212968138243650, levelgen mode: deterministic

9 Jerej03 the Grasshopper (level 2, 0/13 HPs)
             Began as a Felid Warper on Jan 11, 2020.
             Slain by a jackal (2 damage)
             ... on level 1 of the Dungeon.
             The game lasted 00:02:55 (187 turns).

Jerej03 the Grasshopper (Felid Warper)               Turns: 187, Time: 00:02:56

Health: 0/13       AC:  1    Str:  7    XL:     2   Next: 6%
Magic:  1/6        EV: 18    Int: 14    God:
Gold:   20         SH:  0    Dex: 15    Spells: 3/5 levels left
                                        Lives:  0   Deaths: 0

rFire    x . .     SeeInvis +     - Unarmed
rCold    + . .     Gourm    .   (shield unavailable)
rNeg     . . .     Faith    .   (armour unavailable)
rPois    .         Spirit   .   (helmet unavailable)
rElec    .         Reflect  .   (cloak unavailable)
rCorr    .         Harm     .   (gloves unavailable)
MR       .....                  (boots unavailable)
Stlth    ++........             (no amulet)
HPRegen  0.04/turn              e - ring of ice
MPRegen  0.10/turn              (no ring)

@: berserk cooldown, quick
A: very small, no armour, no weapons or thrown items, stealth, claws 1, fangs 3,
see invisible, carnivore, speed 1, shaggy fur 1, slow metabolism 1, sharp paws
a: no special abilities


You were on level 1 of the Dungeon.
You were full.

You visited 1 branch of the dungeon, and saw 1 of its levels.

You collected 20 gold pieces.

Inventory:

Jewellery
 e - a ring of ice (left paw)
Scrolls
 b - a scroll of blinking
 d - a scroll of fog {unknown}
Potions
 a - a potion of curing
Comestibles
 c - 2 rations


   Skills:
 + Level 2.1 Fighting
 + Level 3.4 Dodging
 + Level 2.3 Unarmed Combat
 + Level 2.1 Spellcasting
 + Level 4.4 Translocations


You had 3 spell levels left.
You knew the following spells:

 Your Spells              Type           Power        Failure   Level  Hunger
a - Blink                 Tloc           N/A          6%          2    ###....

Your spell library contained the following spells:

 Spells                   Type           Power        Failure   Level  Hunger
 Gell's Gravitas          Tloc           ##........   12%         3    ####...
 Lesser Beckoning         Tloc           ##........   12%         3    ####...
 Teleport Other           Tloc           ##......     12%         3    ####...
 Shroud of Golubria       Chrm/Tloc      #.....       14%         2    ###....
 Passage of Golubria      Tloc           N/A          36%         4    #####..


Dungeon Overview and Level Annotations

Branches:
Dungeon (1/15)

Altars:


Innate Abilities, Weirdness & Mutations

You cannot wear armour.
You are incapable of wielding weapons or throwing items.
Your paws allow you to move quietly. (Stealth)
You have sharp claws.
You have razor-sharp teeth.
You have supernaturally acute eyesight. (SInv)
You are carnivorous and can eat meat at any time.
You cover ground quickly.
You are covered in fur. (AC +1)
You have a slow metabolism.
Your sharp claws are effective at attacking unaware monsters.


Message History

You blink.
The jackal closely misses you. The jackal completely misses you.
The jackal misses you.
Unknown command.
Casting: Blink (safe; 6% risk of failure)
Confirm with . or Enter, or press ? or * to list all spells.
You blink.
Casting: Blink (safe; 6% risk of failure)
Confirm with . or Enter, or press ? or * to list all spells.
You don't have enough magic to cast that spell.
The jackal barely misses you.
You open the door.
You feel yourself speed up. The jackal bites you.
* * * LOW HITPOINT WARNING * * *
The jackal barely misses you. The jackal closely misses you.
There is an open door here.
You scratch the jackal.
The jackal is lightly wounded.
The jackal bites you.
You die...

....# ####...(.........##..g.....
....# #.'.....⌠.<.⌠.....).....###
#.#####.##.............##.....##.
........######..⌠..#####.........
#.###)####...##...###.........#..
..# #.)....# #...# ##..######...
..####.....# #...# #..# #.#.
.......#.....##...# #g.# #.##
#.######....####@## #..# #.##
.............. #h#####..##.....##
#.######...#####h.r............ .
#.# ...# ##.g....####### . ..#
.... #....w..# .. ..#
.......###..# ## ..# ........
...... ..# #######.##...... ..
.##......


You could see 2 jackals and a goblin.

Vanquished Creatures
  A giant cockroach (D:1)
  3 goblins (D:1)
  A hobgoblin (D:1)
  A kobold (D:1)
  A bat (D:1)
  A frilled lizard (D:1)
8 creatures vanquished.

Notes
Turn   | Place    | Note
-------+----------+-------------------------------------------
     0 | D:1      | Jerej03 the Felid Warper began the quest for the Orb.
     0 | D:1      | Reached XP level 1. HP: 9/9 MP: 4/4
   135 | D:1      | Reached XP level 2. HP: 6/13 MP: 6/6
   139 | D:1      | Learned a level 2 spell: Blink
   187 | D:1      | Slain by a jackal

Levels and vault maps discovered:
D:1:      evilmike_arrival_plus, layout_rooms, minmay_misc_feat_room

Action                   || total
-------------------------++-------
Melee: Unarmed           ||    33
 Cast: Blink             ||     3
  Use: Potion            ||     2
 Stab: Sleeping          ||     1
  Eat: Chunk             ||     3
Dodge: Dodged            ||    28

Table legend:
 A = Non-vault XP
 B = Vault XP
 C = Vault XP percentage of total XP
 D = Non-vault monster count
 E = Vault monster count
 F = Vault count percentage of total count
                 A         B        C        D         E       F
            +---------+---------+-------+---------+---------+-------
      Total |      14 |       0 |   0.0 |       8 |       0 |   0.0
            +---------+---------+-------+---------+---------+-------
        D:1 |      14 |       0 |   0.0 |       8 |       0 |   0.0
            +---------+---------+-------+---------+---------+-------
